AoeStats
← scjeff42

Arena

508423553Analyzed
2v2 RM · 8d ago on Sep 22, 2026· 41m 45s· 4 players
Game mode
Random Map
Map size
Medium (4 player)
Population
200
Speed
Normal
Resources
Standard
Victory
Conquest
Starting age
Dark Age
Ending age
Imperial Age
RankedLock teamsTeams togetherTeam positionsShared explorationLock speedFull tech treeHidden civsTurbo modeCheats
Victory
Defeat
🇷🇺 Turks · Russia
895
+16
🇨🇦 Lithuanians · Canada
833
+47
🇧🇪 Ethiopians · Belgium
898
-18
🇧🇪 Portuguese · Belgium
897
-18
lucasend
11:59 Feudal Age
15:58 Castle Age
19:50 Double-Bit Axe
20:17 Horse Collar
20:51 Loom
20:59 Loom
30:02 Imperial Age
28:36 Town Watch
29:27 Wheelbarrow
31:51 Chemistry
30:57 Siege Engineers
31:55 Scale Barding Armor
32:01 Forging
31:54 Husbandry
32:05 Bloodlines
32:38 Fortified Wall
34:45 Arquebus
34:26 Cavalier
36:37 Chain Barding Armor
37:00 Elite Organ Gun
38:36 Hand Cart
38:21 Town Patrol
38:36 Bow Saw
jonatjepro
10:50 Feudal Age
14:54 Castle Age
13:19 Double-Bit Axe
13:15 Horse Collar
16:19 Bow Saw
29:49 Wheelbarrow
29:59 Wheelbarrow
31:31 Fletching
39:52 Scale Mail Armor
40:16 Forging
B O M B E R
12:08 Feudal Age
16:25 Castle Age
15:17 Double-Bit Axe
15:14 Horse Collar
15:27 Gold Mining
15:54 Loom
16:13 Padded Archer Armor
17:23 Wheelbarrow
18:54 Leather Archer Armor
scjeff42
12:01 Feudal Age
12:11 Loom
16:16 Castle Age
15:13 Double-Bit Axe
15:10 Horse Collar
17:07 Fletching
22:06 Heavy Plow
22:11 Elite Skirmisher
23:30 Town Watch
25:23 Wheelbarrow
25:25 Bow Saw
26:35 Fervor
26:46 Sanctity
27:17 Bodkin Arrow
28:05 Padded Archer Armor
31:36 Imperial Age
29:56 Leather Archer Armor
30:44 Bloodlines
30:34 Husbandry
29:58 Light Cavalry
31:15 Gold Mining
32:06 Ballistics
34:50 Chemistry
33:45 Winged Hussar
35:05 Scale Barding Armor
35:12 Forging
36:35 Conscription
38:31 Chain Barding Armor
38:16 Bracer
Connection lost

Rejoining the realm…

Still unreachable

The connection could not be restored.

Session expired

The server has moved on; the page needs a fresh start.